[Event "World U20-ch22"]
[Site "Belfort"]
[Date "1983.08.14"]
[Round "3"]
[White "Condie, Mark L"]
[Black "Greenfeld, Alon"]
[Result "1/2-1/2"]
[ECO "A30"]
[WhiteElo "2345"]
[BlackElo "2460"]
[Annotator "Condie,M/Primel,D"]
[PlyCount "101"]
[EventDate "1983.08.12"]
[EventType "swiss"]
[EventRounds "13"]
[EventCountry "FRA"]
[SourceTitle "EXT 2016"]
[Source "ChessBase"]
[SourceDate "2015.10.08"]
[SourceVersion "1"]
[SourceVersionDate "2015.10.08"]
[SourceQuality "1"]
[TimeControl "40/9000:16/5400:0"]

1. Nf3 {the food was very bad and I picked up a bug which made me vomit and
suffer from diarrhoea throughout the tournament. Several times I had to leave
the the board during actual play. The first bout occurred before my round 3
game with Greenfeld which ended in a draw and thereafter I was troubled
throughout the tournament} Nf6 2. c4 b6 3. g3 Bb7 4. Bg2 c5 5. O-O e6 6. Nc3
Be7 7. d4 cxd4 8. Qxd4 d6 9. Rd1 (9. Bg5) 9... a6 10. b3 (10. Ng5 Bxg2 11. Kxg2
Nc6 12. Qf4 O-O 13. Nce4 $14) 10... Nbd7 11. Qe3 $6 {[%csl Re2] Une idée
bizarre jouée par l'autrichien HOELZ et l'écossais reprend ce thème auquel
il avait été confronté l'année précédente avec couleurs inversées.} (11.
e4 {La grande ligne} Qc7 (11... Qc8)) 11... Qb8 (11... Qc7 12. Nd4 Rc8 {
Hoelzl,F (2405)-Condie,M (2320) Luzern ol (Men) 1982 (9) 1/2}) 12. Nd4 Ne5 13.
Bxb7 Qxb7 14. f4 Ned7 15. Bb2 g6 16. Qf3 $1 Qxf3 17. Nxf3 O-O 18.
e4 (18. Nd4 Rac8) 18... Rfd8 19. Ba3 Ne8 20. Rd3 (20. Rd2) 20... Nc5 21. Bxc5
$1 dxc5 22. Rad1 Rxd3 23. Rxd3 Rd8 24. Rxd8 Bxd8 25. e5 $14 {[%csl Rd8][%cal
Gc3e4] Les Blancs ont une meilleure finale} h5 26. h3 Kf8 27. Kf2 Ke7 28. Ng5
Bc7 29. Nge4 Ng7 30. g4 $1 $16 hxg4 31. hxg4 Ne8 32. Kf3 f6 33.
exf6+ Nxf6 34. Nxf6 Kxf6 35. Ne4+ Ke7 36. a4 a5 37. Nc3 Kf6 38. Ke4 g5 $1 39. Ne2 Bb8 40. Kf3 Bc7 41. fxg5+ Kxg5 42. Nc3 Kf6
43. Ne4+ Kg6 44. Nf2 Kf6 45. Nd3 Kg5 46. Nc1 Bd6 47. Ne2 Be5 48. Ng3 Bc7 49.
Nh5 Be5 50. Ke4 Bh2 51. Ng7 1/2-1/2

[Event "EU-ch 12th"]
[Site "Aix les Bains"]
[Date "2011.03.26"]
[Round "5"]
[White "Ftacnik, Lubomir"]
[Black "Stella, Andrea"]
[Result "1-0"]
[ECO "A30"]
[WhiteElo "2578"]
[BlackElo "2364"]
[Annotator "Marchand,A/Primel,D"]
[PlyCount "67"]
[EventDate "2011.03.22"]
[EventType "swiss"]
[EventRounds "11"]
[EventCountry "FRA"]
[SourceTitle "CBM 142 Extra"]
[Source "ChessBase"]
[SourceDate "2011.06.27"]
[SourceVersion "1"]
[SourceVersionDate "2011.06.27"]
[SourceQuality "1"]
[TimeControl "40/5400+30:1800+30"]

1. Nf3 Nf6 2. c4 c5 3. Nc3 e6 4. g3 b6 5. Bg2 Bb7 6. O-O Be7 7. d4 cxd4 8. Qxd4
d6 9. Rd1 a6 10. Bg5 {84} (10. b3 {La grande ligne}) (10. Ng5 ) 10... Nbd7 {86} 11. Qd2 (11. Nd2
Bxg2 12. Kxg2 Rc8 13. Nde4 Rc6) 11... O-O 12. Bf4 Ne8 (12... e5
$143 13. Bg5 ) 13. Rac1 {82} (13. e4 Qc7 14. Rac1 Rd8
15. Qe2 {Efimenko,Z (2654)-Gurevich,V (2470) Bundesliga 0910 2009 (11.4) 1/2})
13... Qc7 {83} (13... Rc8 14. b3 Nc5 15. Ng5 Bxg2 16. Kxg2 Qc7 17. f3 Rd8 18.
Nge4 Qb7 19. Bg5 f6 20. Bf4 f5 21. Nf2 h6 22. Qc2 Rf7 23. e4 fxe4 24. Ncxe4 g5
25. Be3 Ng7 26. Re1 Rdf8 27. Nd2 h5 28. Kg1 {Jakovenko,D (2709)-Gashimov,V 
(2717)/Poikovsky 2008/CBM 125/1/2-1/2 (31)}) 14. b3 {82} (14. Qe3 {Moins
naturel mais assez vicieux} e5 15. Bh3 $14 {[%cal Ge3e7];Tomashevsky,E (2701)
-Durarbeyli,V (2476) EU-ch 11th Rijeka 2010 (5) 1-0}) (14. b4 $5 $146 Rd8 15. Qe3 $1 e5 16. Bh3 (16. Nd5 Bxd5
17. cxd5 Qb8 18. Rc6 $36 {[%csl Re8,Rf8][%cal Gd1c1] Le matériel
est égal mais les pièces Noires sont trés mal placées et l'attaque Blanche sur
la colonne "c" peut difficilement être parée.} Bf6 (18... Nef6 19. Bh3 Rfe8 (
19... exf4 20. Qxe7 Qa8 $1 {C'est peut-être le seul coup pour
tenir la position mais il n'est pas facile а trouver devant l'échiquier.} (
20... Rfe8 21. Qxd6) 21. Rc7 Qb8 {Un joli "switchback" qui tient peut-être la
position.} 22. Rc6 (22. Rdc1 Nxd5) 22... Qb7 23. Qxd6) 20. Bg5) 19. Bg5 $16))
14... Rd8 {[%cal Gd8d2] 83} 15. Qe3 {74} (15. e4 {[%csl Gd5] Plus naturel})
15... e5 $6 $146 {[%csl Rd5] Après 20 minutes de réflexion sur ce coup qui est
douteux} (15... Nef6 16. Nd5 exd5 17. Qxe7 Rfe8 18. Qxd6 Qxd6 19. Bxd6 Rxe2 20.
cxd5 Rxa2 21. Ne5 h5 22. Bc7 Re8 23. Nxd7 Nxd7 24. Bh3 Ree2 25. Bxd7 Rxf2 26.
g4 Rg2+ 27. Kh1 hxg4 28. Bc6 Bc8 29. Bg3 Rgc2 30. d6 {Levin,F (2546)-Womacka,M
(2445)/Gausdal 2008/CBM 123 Extra/1-0 (32)}) (15... Ndf6 16. Bh3 Qc5 17. g4 h5
18. g5 Ng4 19. Qxc5 bxc5 20. Bg2 e5 21. Bg3 e4 22. Nd2 Bxg5 23. Bxe4 Bc8 24. f4
Bf6 25. Nf3 Nc7 26. Bc6 Ne6 27. Nd5 Bd4+ 28. Kh1 g6 29. Bh4 f6 30. h3 {Ftacnik,
L (2553)-Chuchelov,V (2544)/Germany 2008/CBM 124/1-0 (40)}) 16. Nd5 $1 Bxd5 17. cxd5 Qb7 $2 (17... Qb8 $8 18. Rc6 $1 Qa8 (18... h6 19. Bxh6 $1) 19. Rdc1 $36
) 18. Nxe5 $1 $40 {[%csl Rb7,Re7][%cal Gg2b7,Gd5d6] Les pièces Noires sont mal
placées} Nxe5 19. Bxe5 dxe5 20. d6 $18 Qa7 21. dxe7 Qxe7 22. Qxb6 Rxd1+ 23.
Rxd1 Qa3 24. Bb7 Qxa2 25. Bxa6 Qc2 26. Rd8 Qc7 27. Rb8 Qxb6 28. Rxb6 Nf6 29.
Bc4 e4 30. Rb7 g5 31. b4 Rc8 32. Bxf7+ Kh8 33. Be6 Rc6 34. Bf5 1-0

[Event "EU-ch 12th"]
[Site "Aix les Bains"]
[Date "2011.03.28"]
[Round "7"]
[White "Ftacnik, Lubomir"]
[Black "Roser, Kevin"]
[Result "1/2-1/2"]
[ECO "A30"]
[WhiteElo "2578"]
[BlackElo "2423"]
[Annotator "Marchand,A/Primel,D"]
[PlyCount "67"]
[EventDate "2011.03.22"]
[EventType "swiss"]
[EventRounds "11"]
[EventCountry "FRA"]
[SourceTitle "CBM 142 Extra"]
[Source "ChessBase"]
[SourceDate "2011.06.27"]
[SourceVersion "1"]
[SourceVersionDate "2011.06.27"]
[SourceQuality "1"]
[TimeControl "40/5400+30:1800+30"]

1. Nf3 Nf6 2. c4 b6 3. g3 c5 4. Bg2 Bb7 5. Nc3 g6 (5... e6 {L'alternative} 6.
O-O Be7 7. d4 (7. Re1 d6 8. e4 a6 9. d4 cxd4 10. Nxd4 Qc7 11. Be3) 7... cxd4 8.
Qxd4) 6. d4 (6. O-O Bg7 7. d4 cxd4 8. Qxd4 (8. Nxd4 {L'ancienne ligne ne se
joue plus beaucoup car malgré une petite avance de développement, les Blancs
n'ont pas obtenu grand-chose de l'ouverture} Bxg2 9. Kxg2 Qc8 {[%cal Gc8c4,
Gc8b7,Gb7g2] L'idée de Saemisch} (9... O-O 10. e4 Na6 $132) 10. b3 Qb7+ 11. f3
d5 12. cxd5 Nxd5 13. Nxd5 Qxd5 14. Be3 Nc6 15. Nxc6 Qxc6 16. Rc1 $32 Qe6 17.
Qd3 O-O 18. Rfd1 Rac8 {Polugaevsky,L (2635)-Smyslov,V (2580) URS-ch44 Moscow
1976 (10) 1-0} (18... h5 $5 {Gligoric}))) (6. b3 Bg7 7. Bb2 O-O 8. O-O Na6 (
8... d5 9. Nxd5 (9. cxd5 Nxd5 $36 ) 9... Nxd5 10. Bxg7 Kxg7 11.
cxd5 Qxd5 12. d4 cxd4 13. Qxd4+ Qxd4 14. Nxd4 Bxg2 15. Kxg2 Rc8 (15... a6 16.
Rac1 Ra7 17. Rc2 $14) (15... Nd7) 16. Rac1 Na6 (16... Nd7 17. Rfd1) 17. Rfd1
Rxc1 (17... Kf6 18. Nb5 $36 {Smyslov,V (2580)-Castro Rojas,O (2380) Biel
Interzonal 1976 (8) 1-0}))) 6... cxd4 7. Qxd4 Bg7 8. O-O d6 (8... O-O {Le coup
naturel est plus risqué} 9. Qh4 d6 10. Bh6 Nbd7 11. Rfd1 Rc8 12. b3 Rc5 13.
Bxg7 Kxg7 14. Rac1 Qa8 15. Qd4 Rfc8 16. Ne1 $1 Bxg2 17. Nxg2 {Akopian,V (2640)
-Lesiege,A (2521) Cappelle op 15th 1999 (6) 1-0}) 9. Rd1 (9. Be3 {L'alternative
} Nbd7 10. Rfd1 (10. Rac1) (10. Qd2 $6 {[%cal Ge3h6] J'ai été confronté
récemment а cette variante assez douteuse et j'ai été surpris de voir qu'elle
avait été jouée par des titrés} Rc8 $1 {[%csl Re3][%cal Gc8c4] Il faut essayer
de retarder le roque au maximum afin de laisser le B et la Q dans des
positions peu naturelles.} (10... O-O $6 11. Bh6 $14 {Giardelli,S (2435)
-Bronstein,L (2370) Acasusso Valle op 1991 (11) 1-0} (11. Rac1)) 11. b3 {
[%cal Gc8c3,Gg7c3] non seulement, les Blancs doivent perdre un temps mais le
Nc3 non protégé peut donner des thèmes tactiques aux Noirs} (11. Bh6 $6 Bxh6
12. Qxh6 Rxc4 13. Rfd1 Qa8 $15 ) 11... Nc5 $1 (11...
Ne4 $6 {Tentant en blitz mais j'ai eu le temps devant l'échiquier de voir que
c'était une erreur de prendre la qualité} 12. Nxe4 Bxa1 13. Rxa1 (13. Nxd6+
$1) 13... Bxe4 14. Bh6 $44 ) (
11... a6 12. Rac1) 12. Rac1 Nce4 $1 {[%csl Rd2] Continuant la chasse а la Q
mal placée} 13. Nxe4 Nxe4 14. Qd3 O-O $1 $146 {Les Blancs n'ont
pas le temps de jouer Bh6} (14... Qc7 15. Bd4 {Szmetan,J (2400)-Panno,O (2465)
Buenos Aires Traffic op 1992 (4) 0-1}) (14... Nc5 15. Qd1 {Dizdar,G (2505)
-Grosar,A (2370) Portoroz 1987 1-0} (15. Qd2 Ne4)) 15. Ng5 $6 (15. Nd2 $142)
15... Nc5 {[%cal Gc5d3] Nouvelle attaque de la Q} 16. Qd2 Bxg2 17. Kxg2 h6 18.
Nf3 Ne4 {Gagnant encore un tempo sur la Q} 19. Qd3 Nf6 20. Rfd1 Qc7 $11 21. Bd4 $2 (21. Qb1 Qb7 22. Bd4 a6 23. Qb2 b5)
21... e5 {[%csl Rd3,Rf3][%cal Ge5e4];Broussin-Primel,D Pornic Nantes 2012 0-1})
10... Rc8) (9. Qh4 {L'alternative pour jouer le coup thématique Bh6 mais comme
d'habitude, les Noirs ont intérêt а retarder le roque} h6 (9... O-O 10. Bh6 $36
) 10. Rd1 Nbd7 11. Be3 Rc8 12. Rac1 g5 $1 $132 {Kramnik,V (2751)-Nikolic,P 
(2633) Amber-blindfold 08th rapid 1999 (9) 1/2}) 9... Nbd7 10. Be3 Rc8 {
Dans cette ligne, les Noirs doivent retarder le oo pour éviter l'attaque Qh4,
Bh6} 11. Rac1 a6 (11... h6) (11... O-O 12. Qh4 a6 13. b3 Rc7 14. Bh3 (14. Bh6)
(14. Ne1) (14. g4)) 12. b3 O-O {Les Noirs ont épuisé les coups d'attente et il
faut se résoudre а roquer} 13. Qh4 Rc7 (13... Re8 14. Bh3
Rc7 15. Bh6 Nf8 16. Bxg7 Kxg7 17. Nd5 Nxd5 18. cxd5 Bc8 19. Bg2 Rxc1 20. Rxc1
e5 21. Qxd8 Rxd8 22. Nd2 b5 23. Rc7 Bg4 24. f3 Rc8 25. Rc6 Bd7 26. Rxd6 Rc2 27.
Ne4 Rxe2 28. Nc5 {Hracek,Z (2598)-Ftacnik,L (2553)/Czechia 2008/EXT 2009/1-0 
(42)}) 14. Bh3 $1 {82} (14. Bh6 Qa8 {Karpov,A (2688)-Gelfand,B (2704) Cap
d'Agde KO rapid 2002 (3.1) 0-1}) (14. Ne1) (14. g4 $5 ) 14... Qb8
{84} (14... Qa8 $6 {Le coup naturel pour faire pression sur la grande
diagonale mais ... réfuté!} 15. Bxd7 $1 Rxd7 16. Na4 $36 {[%csl Rb6];Stohl,I 
(2561)-Navara,D (2616) CZE-chT 0405 2004 (7.2) 1-0}) 15. a4 $6 $146 {63 Une
nouveauté probablement trouvée devant l'échiquier mais c'est trop lent.} (15.
Bg5 Re8 16. Nd2 Nc5 17. b4 Ncd7 18. Nf1 Ba8 19. Ne3 b5 20. Ncd5 Nxd5 21. Nxd5
Bxd5 22. cxd5 Nb6 23. Rxc7 Qxc7 24. Qe4 Nc4 25. Rc1 Qb7 26. Bg2 h6 27. Bf4 Rc8
28. h4 Ne5 29. Rc2 Rc4 {Eljanov,P (2697)-Sasikiran,K (2681)/Ningbo 2011/CBM
144/1/2-1/2 (37)}) (15. Bh6 Rd8 16. Ng5 Nf8 17. a4 Rc5 18. Bxg7 Kxg7 19. b4 Rc7
20. Nd5 Bxd5 21. cxd5 Rxc1 22. Rxc1 h6 23. Nf3 Nxd5 24. Nd4 Re8 25. Nc6 Qc7 26.
Bg2 Nf6 27. Qc4 Qc8 28. e3 N8d7 29. Bf1 b5 {Topalov,V (2801)-Grischuk,A (2717)/
Monte Carlo 2006/CBM 111 ext/1-0 (54)}) (15. g4 e6 16. g5 Ne8 17. Ne4 b5) 15...
Nc5 $1 {Un coup provocateur et après la poussée b4, le P"c4" sera affaibli} 16.
b4 Ncd7 17. Bxd7 $5 (17. Nd2 $5 Rfc8 18. g4 Rxc4 19.
Nxc4 Rxc4 $44 ) 17... Rxd7 18. Nd5 Nxd5 19. cxd5 Rc8 $11 20. Bd4 Rxc1 (20... Bxd5 $132) 21. Rxc1 Rc7 (21... Bxd5 22. Bxg7 Bxf3 (
22... Kxg7 23. Qd4+) 23. Bh6 (23. Bb2 Ba8 24. Qd4 e5)) 22. Rxc7 Qxc7 23. Bxg7
Kxg7 24. Qd4+ Kg8 25. Kg2 Bc8 26. Qd3 Qc1 27. Nd4 Bb7 28. e4 Qa1 $1 29. Qc4
Qxa4 30. Qc7 Qxb4 31. Qd8+ Kg7 32. Ne6+ $1 {Une petite combinaison mais c'est
aussi un aveux d'échec pour le GMI qui n'a rien obtenu dans la partie.} fxe6
33. Qxe7+ Kg8 34. Qe8+ 1/2-1/2

[Event "CHN-chT"]
[Site "China"]
[Date "2015.07.27"]
[Round "11.1"]
[White "Zeng, Chongsheng"]
[Black "Lysyj, Igor"]
[Result "0-1"]
[ECO "A30"]
[WhiteElo "2541"]
[BlackElo "2691"]
[Annotator "Primel,D"]
[PlyCount "134"]
[EventDate "2015.04.10"]
[EventType "team-match"]
[EventRounds "22"]
[EventCountry "CHN"]
[SourceTitle "EXT 2019"]
[Source "ChessBase"]
[SourceDate "2018.10.10"]
[SourceVersion "1"]
[SourceVersionDate "2018.10.10"]
[SourceQuality "1"]
[WhiteTeam "Guangdong"]
[BlackTeam "Hangzhou"]
[WhiteTeamCountry "CHN"]
[BlackTeamCountry "CHN"]
[TimeControl "5400+30"]

1. c4 Nf6 2. Nf3 b6 3. g3 Bb7 4. Bg2 e6 5.
O-O c5 6. Nc3 Be7 7. d4 (7. Re1 {L'alternative}) 7... cxd4 8. Qxd4 O-O (8... d6
{La grande ligne de cette anglaise hérisson} 9. Rd1 (9. Bg5)) (8... Nc6 $143 {
Un coup naturel mais le Nc6 n'est pas trés bien placé dans ce genre de
structure} 9. Qf4 $14 ) 9. Rd1 Qc8 {Une variante
passive mais solide} (9... d6) (9... Nc6 10. Qf4) 10. Bg5 (10. Bf4 $5 Rd8 (
10... Nc6 {Profitant du fait que les Blancs ne peuvent plus jouer Qf4} 11. Qd2
Na5 12. b3 Bb4 13. Be5 $1 Ne4 14. Qb2 $14 {[%csl Ra5][%cal
Gc3e4,Ge5g7];Van Wely,L (2658)-Le Roux,J (2549) FRA-chT Top 12 2016 (10.5) 1-0}
) 11. b3 d6 12. Qd2 Na6 13. Rac1 Nc5 14. Qb2 Nce4 15. b4 Nxc3 16. Qxc3 a5 17.
a3 axb4 18. axb4 Ra4 19. Be3 Qc7 20. Qe1 Be4 21. Bh3 Bxf3 22. exf3 Qb7 23. b5
d5 24. cxd5 Nxd5 25. Rc6 Nxe3 26. Rxd8+ Bxd8 27. Qxe3 Ra1+ 28. Kg2 Rd1 29. Qe4
Qe7 30. Rc8 Qd6 31. Qc6 g6 32. f4 {1/2-1/2 (32) Gustafsson,J (2628)-Medvegy,Z 
(2536) Germany 2014}) 10... h6 11. Bxf6 Bxf6 12. Qd3 (12. Qf4) 12... Na6 $1
$146 (12... d5 13. cxd5 Bxc3 14. Rac1 Bxd5 15. Rxc3 Qa6
16. Ne5 Bxg2 17. Kxg2 Qb7+ 18. Qf3 Qxf3+ 19. Kxf3 Na6 20. Nc6 Nc5 21. b4 Na4
22. Ne7+ Kh7 23. Rc7 a5 24. a3 axb4 25. axb4 Nb2 26. Rd6 b5 27. Rb6 Ra3+ 28.
Kg2 Na4 29. Rxb5 Nc3 30. Rbb7 Nxe2 31. Nc6 Nc3 32. Rxf7 Rxf7 33. Rxf7 Ra2 34.
Rf3 Ne4 35. Rf4 Nc3 36. h4 h5 37. Rf3 Ne4 38. Nd4 e5 39. Nc6 Rb2 40. Rf5 Kg6
41. Rf8 Kh7 42. Nxe5 {Kovacevic,B (2457)-Majeric,Z (2292) Zagreb 2009 1-0 (61)}
) 13. Rac1 $32 Rd8 14. b3 d6 15. Qe3 (15. e4 $2 Nc5 16. Qe3 Bxc3) (15. Ne4 $5
Be7 (15... Bxe4 16. Qxe4 Nc5 17. Qc2 Qc7 18. e4 Rac8 19. Nd4 $14)) 15... Nc7 $1
{[%cal Gc7e8,Ge8f6,Gf6e7] Ramène le N en défense de l'aile-roi} 16. h4 $5 {
Gagne de l'espace à l'aile-roi tout en évitant Bg5} Ne8 17. g4 {[%cal Gg4g5]
La poussée h6 a donné de la prise à une attaque à l'aile-roi et la Qc8 va
perdre du temps si elle veut revenir en défense de l'aile-roi} Qc5 $1 $132 {
[%cal Gc5e3,Gc5g5,Ga8c8] Un coup très fort pour garder l'option d'échanger
les Q tout en libérant la case "c8" pour la Ra8 et surveiller la case "g5"}
18. Qf4 (18. Qxc5 $143 bxc5 $11) 18... Rac8 19. Ne4 Bxe4 $1 20. Qxe4 g6 21. Qf4
(21. h5 g5 22. Nd4 d5 $1 ) 21... Bg7 22. g5 h5 23.
Ne1 Qa5 24. a4 Qb4 25. Qe3 (25. Qf3 ) 25... Qc5 26. Qd2
{Une série de coups de la part de la Q qui peine à trouver une case optimale}
a5 27. e3 (27. e4 $143 {Surcontrôle la case "d5" mais au
détriment d'un affaiblissement de la case "d4" et le Bg2 manque d'activité})
27... Qc7 28. Nc2 Qc5 $1 {[%csl Rc2] Empêche la
manoeuvre Na3b5} 29. Ne1 {[%cal Ge1d3] Malgré l'avantage d'espace, les Blancs
ont du mal à progresser} Qc7 30. Nd3 Qa7 31. Nf4 $1 Be5 $1 32. Ne2 (32. Bf3 $6 Bxf4 $1 33. exf4 Ng7 $15 ) 32... Qc7 33. f4 {
Les Blancs jouent pour le gain} Bg7 34. Ng3 Qc5 35.
Kh2 Qa3 36. Rb1 Nc7 37. Qe2 d5 $1
$15 {La poussée thématique dans une structure hérisson} 38. e4 dxe4 (38...
dxc4 39. Rxd8+ (39. Qxc4 Nd5) 39... Rxd8 40. Qxc4) 39. Bxe4 Rxd1 40. Qxd1 Qe7
41. Qf3 Rd8 $1 {[%csl Rh2][%cal Gd8d2] L'attaque Blanche à l'aile-roi n'a
conduit qu'à des affaiblissements et le K Blanc est trés exposé.} 42. Re1
Rd2+ 43. Re2 Qd6 $17 44. Rxd2 Qxd2+ 45. Kh3 Bf8 46. Bb7 Bd6 47. Ne4 (47. Ne2 e5) 47... Qxf4 48. Qxf4 Bxf4 {[%csl Ge6] La
finale sera difficile à sauver pour les Blancs} 49. Kg2 Be3 50. Kf3 Bg1 51.
Kf4 Kf8 52. Ke5 {L'unique petite compensation des Blancs est la meilleure
centralisation du K} Ke7 53. Bc6 Na6 54. Kf4 Nb4 55. Bb5 Nd3+ $1 56. Kf3 Nc1
57. Nd2 Bc5 58. Ke4 Bb4 $19 {Un second P tombe et les Blancs
pouvaient abandonner} 59. Nf3 Nxb3 60. Ne5 Nc5+ 61. Kd4 Bd2 62. Nc6+ Kd6 63.
Ne5 Bc3+ 64. Kxc3 Kxe5 65. Be8 Ne4+ 66. Kd3 Nd6 67. Bd7 Kf4 0-1

[Event "CHN-chT"]
[Site "China"]
[Date "2015.07.27"]
[Round "11.28"]
[White "Bu, Xiangzhi"]
[Black "Ma, Zhonghan"]
[Result "1-0"]
[ECO "A30"]
[WhiteElo "2681"]
[BlackElo "2448"]
[Annotator "Primel,D"]
[PlyCount "105"]
[EventDate "2015.04.10"]
[EventType "team-match"]
[EventRounds "22"]
[EventCountry "CHN"]
[SourceTitle "EXT 2019"]
[Source "ChessBase"]
[SourceDate "2018.10.10"]
[SourceVersion "1"]
[SourceVersionDate "2018.10.10"]
[SourceQuality "1"]
[WhiteTeam "Chongqing"]
[BlackTeam "Qingdao"]
[WhiteTeamCountry "CHN"]
[BlackTeamCountry "CHN"]
[TimeControl "5400+30"]

1. Nf3 Nf6 2. c4 c5 3. Nc3 e6 4. g3 b6 5. Bg2 Bb7 6. O-O Be7 (6... a6 $5 {
Cette ligne secondaire rend moins efficace la variante ANDERSSON avec Bg5} 7.
d4 cxd4 8. Qxd4 d6 9. Rd1 (9. Bg5 $142 Nbd7 $1 10. Bxf6 Nxf6 $11 {Et les
Blancs n'ont rien obtenu de l'ouverture}) 9... Be7 (9... Nbd7 10. Ng5 Bxg2 11.
Kxg2 Rc8 12. Nge4 Rc6 13. Bf4 $1 Qa8 (13... e5 14. Nxf6+ Nxf6
15. Bxe5) 14. Kg1 Nxe4 15. Qxe4 Nf6 16. Qf3 Qc8 17. Rd2 Be7 18. Rad1 $14 {
Adorjan,A (2580)-Suba,M (2445) Dortmund 1984 (11) 1-0})) 7. d4 cxd4 8. Qxd4 d6
9. Bg5 $5 {Une vieille idée du GMI ANDERSSON} a6 (9... Nbd7 $143 10. Nb5 d5 11. cxd5 Bxd5 12. Rac1 O-O 13. Rfd1 $32) 10. Bxf6
$1 {Sans laisser aux Noirs le temps de jouer Nbd7} Bxf6 11. Qf4 (11. Qd3) 11...
O-O (11... Bxf3 12. exf3 {La variante à la mode} Ra7 13. Rfd1 Rd7 14. Ne4 Be7
15. Qe3 O-O 16. f4 $14 ) 12. Rfd1 (12. Rad1) 12... Be7 13. Ne4
Bxe4 14. Qxe4 Ra7 15. Nd4 {[%csl Gc6,Re6][%cal Gd4e6,Ge4e6,Gd4c6] Comme
souvent dans ce genre de structure hérisson, la case "c6" est sensible et les
Noirs doivent jouer de manière précise. Les Blancs ont également parfois
des possibilités de sacrifice Ne6} Rc7 (15... Qc8) (15... Rd7 {Un coup
naturel pour protéger le P"d6" mais ce coup a pour défaut de prendre une
case au Nb8 tout en donnant plus de force au sacrifice potentiel Ne6} 16. Bh3 (16. Qd3 Qc7 17. Rac1 (17. a4 Bf6 18. e3)) (16. Rd2
Qc7 17. b3 Re8 (17... Rc8 18. a4 Bf6 19. Rad1 Rdd8 20. e3 Nd7 21. Nc6 (21. Qb1
Nc5 22. Qa2 ) 21... Nc5) 18. a4) 16... d5 17. cxd5 Rxd5 18.
Rd3 ) 16. b3 (16. Rd2) 16... Rc5 (16... Re8 17. Rac1 Qc8 18. Qb1 Nd7 19. e3 Bf8 20. h3 h6 21. Rc2 Nf6 22. Rdd2 Qd7 23. a4
Rec8 24. Qd1 Qe8 25. Kh2 Nd7 26. Qh1 Nc5 27. b4 Nd7 28. Bb7 Ne5 29. Bxa6 Ra8
30. Bb5 Qc8 31. f4 Ng6 32. Bc6 Ra6 33. Bb5 Ra8 34. Nc6 Ne7 35. Rxd6 Nxc6 36.
Rxc6 Rxc6 37. Qxc6 Bxb4 38. Qxb6 Bc5 39. Qc6 Bxe3 40. Qxc8+ Rxc8 41. a5 Kf8 42.
Kg2 Ke7 43. Kf3 Bc5 44. a6 Rd8 45. Ke2 Rd4 46. Ra2 {Meier,G (2632)-Malakhov,V 
(2694) Dubai 2014 1-0}) 17. a4 $1 Qc8 18.
Qb1 {Une manoeuvre thématique} (18. Ra2 Bf6 19. e3 Rd8 20. Qb1 Nd7 21. Rad2
$14) 18... Nd7 $146 (18... Rd8 19. Ra2 Rd7 20. Rad2 Rdc7 21. Qa2 g6 22. e3 Bf8
23. h4 Nd7 24. Bf1 Ne5 25. b4 Rxc4 26. Bxc4 Rxc4 27. Rc2 d5 28. b5 axb5 29.
axb5 Qc5 30. Rdc1 Rxc2 31. Rxc2 Nc4 32. Qa4 Bd6 33. Qa8+ Kg7 34. Qa7 Kg8 35.
Qa8+ Kg7 36. Qb7 Be7 37. Ra2 Qb4 38. Kg2 e5 39. Nc6 Qb1 40. Qa7 Bc5 41. Nd8 Qf5
42. Re2 e4 43. Qa1+ Kg8 44. Qa2 Bd6 45. Nc6 Qf3+ 46. Kh2 Qg4 47. Kg2 h5 48. Nd4
{Kambrath,Y (2266)-Lamard,G (2275) Saint Paul Trois Chateaux 2013 1/2-1/2 (63)}
) 19. Ra2 Rd8 20. Rc2 $14 {Les Blancs gardent un avantage d'espace} (20. Rad2
Bf6 21. e3 $14) 20... Ne5 $6 (20... Bf6 $142 21. e3) 21. h3 Rc7 22. e3 Bf8 23.
Qa2 $1 {[%cal Ga2c4,Gb3b4,Gd1c1] Une surprotection de la case "c4" pour
préparer la poussée b4} d5 $6 {Les Noirs perdent patience et le P"d5" sera
une faiblesse difficile à protéger} (23... g6 $5) 24. cxd5 exd5 25. Rxc7 (25.
Rdc1 Rxc2 26. Rxc2 (26. Qxc2) 26... Qb7 27. Qb2 Rc8 28. Qc1) 25... Qxc7 26. Qe2
$1 $16 {[%cal Ge2a6] Provoquant un autre affaiblissement} a5 27.
Nb5 $36 Qc5 28. Qh5 f6 29. Qf5 Kh8 30. Be4 $1 $40 {[%csl Rd5,Rh7] La double
attaque gagne le P} Ng6 31. Kg2 (31. h4 Be7 32. h5 Nf8 33. Rxd5)
31... Qe7 32. Rxd5 Rxd5 33. Qxd5 {le P "d5" est tombé mais la présence de B
de couleurs opposées donne une position pas si claire} Ne5 34. Nd4 g6 (34...
h5 $5 35. Nf5 (35. Ne6)) 35. Ne6 Nd7 36. Nxf8 {Une décision un
peu discutable car en général le couple N+Q donne souvent des chances
tactiques en jouant sur les deux couleurs.} Nxf8 37. Qc6 Qe6 38. Qb7 (38. Qxe6
$143 Nxe6 39. Kf3 Nc5 40. Bc2 Kg7 41. e4 Kf7 42. Ke3 Ke6 43. Kd4 )
38... Nd7 39. Bc6 $1 Ne5 40. Bd5 $1 Qd6 41. Qa8+
Kg7 42. f4 Nd7 43. Kf3 $1 Qb8 $2 $138 44. Qxb8 {Par rapport à l'échange
proposée au 38ème coup, il est réalisé dans des meilleures conditions pour
les Blancs} Nxb8 45. Ke4 Kf8 46. Bc4 Nc6 47. Kd5 Ne7+ 48. Kd6
Nf5+ 49. Kc6 Nxg3 50. Kxb6 h5 51. Kxa5 g5 52. fxg5 fxg5 53. Kb6 1-0